 Dungeon Crawl Stone Soup version 0.17.1-1-g73c8601 (webtiles) character file.

13 Implojin the Chucker (level 2, -2/27 HPs)
             Began as a Troll Hunter on Apr 4, 2016.
             Slain by Robin
             ... wielding a +0 trident
              (7 damage)
             ... on level 3 of the Dungeon.
             The game lasted 00:01:41 (158 turns).

Implojin the Chucker (Troll Hunter)                  Turns: 158, Time: 00:01:42

Health: -2/27      AC:  5    Str: 19    XL:     2   Next: 24%
Magic:  1/1        EV:  9    Int:  7    God:
Gold:   0          SH:  0    Dex: 10    Spells: 0 memorised, 1 level left

rFire  . . .     SeeInvis .       - Unarmed
rCold  . . .     Clarity  .     b - +0 robe
rNeg   . . .     SustAt   .     (no shield)
rPois  .         Gourm    +     (helmet restricted)
rElec  .         Spirit   .     (no cloak)
rCorr  .         Warding  .     (gloves unavailable)
rMut   .         Stasis   .     (boots unavailable)
MR     .....                    (no amulet)
Stlth  +.........               (no ring)
                                (no ring)

@: not resistant to hostile enchantments, very unstealthy
A: unfitting armour, claws 3, fast metabolism 3, gourmand, regeneration 2,
shaggy fur 1, tough skin 2
a: no special abilities


You were on level 3 of the Dungeon.
You were very full.

You visited 1 branch of the dungeon, and saw 3 of its levels.

Inventory:

Hand Weapons
 a - a +0 short sword
Missiles
 d - 2 throwing nets (quivered)
Armour
 b - a +0 robe (worn)
Scrolls
 g - 2 scrolls of remove curse {unknown}
Comestibles
 e - a bread ration
 f - a meat ration


   Skills:
 - Level 1.5 Fighting
 - Level 3.6 Throwing
 - Level 1.5 Dodging
 - Level 0.4 Stealth
 * Level 2.0 Unarmed Combat


You had one spell level left.
You didn't know any spells.

Dungeon Overview and Level Annotations

Branches:
Dungeon (3/15)

Altars:

Annotations:
D:3 Robin


Innate Abilities, Weirdness & Mutations

You are too large for most types of armour.
You have claws for hands.
Your metabolism is lightning-fast.
You like to eat raw meat.
You heal very quickly.
You are covered in fur (AC +1).
You have very tough skin (AC +2).


Message History

It was a potion of cure mutation.
It has a very clean taste.
Robin roars a battlecry!
The goblins go into a battle-frenzy!
The goblin hits you.
* * * LOW HITPOINT WARNING * * *
The hobgoblin barely misses you.
Unknown command.
You claw the goblin!
You kill the goblin!
Robin roars a battlecry!
The hobgoblin goes into a battle-frenzy!
The hobgoblin completely misses you.
Unknown command.
Drink which item? (? for menu, Esc to quit)
It was a potion of curing.
You feel better. The hobgoblin hits you.
* * * LOW HITPOINT WARNING * * *
Unknown command.
You closely miss the hobgoblin.
You claw the hobgoblin, but do no damage.
Robin says, "A pitiful Troll like you will never find the ORB!"
The hobgoblin hits you.
* * * LOW HITPOINT WARNING * * *
You closely miss the hobgoblin. Robin throws the goblin at you!
The hobgoblin hits you but does no damage.
You scratch the hobgoblin.
You kill the hobgoblin!
The goblin hits you with a dagger.
* * * LOW HITPOINT WARNING * * *
Robin says, "My goblins will feast on your bones."
You barely miss the goblin. The goblin misses you.
The hobgoblin hits you but does no damage.
Robin hits you but does no damage.
Unknown command.
You scratch the goblin.
You kill the goblin!
Your Unarmed Combat skill increases to level 2!
The hobgoblin barely misses you.
Robin laughs in a distinctly smug fashion.
Robin hits you from afar with a trident!
You die...

#(#..# #g#(#.#
###.#.#.#
#...<.# #
########(#.###
.......(.(.#
########g#.#
#g#.# #@#.#
#)#.# #.#.#
#.#.# #.#.#
#.. #.. #..


You could see Robin and a hobgoblin (frenzied).

Vanquished Creatures
  An orc (D:2)
  8 goblins
  2 hobgoblins
11 creatures vanquished.

Notes
Turn   | Place    | Note
--------------------------------------------------------------
     0 | D:1      | Implojin the Troll Hunter began the quest for the Orb.
     0 | D:1      | Reached XP level 1. HP: 19/19 MP: 0/0
    39 | D:2      | Reached skill level 1 in Unarmed Combat
   100 | D:3      | Noticed Robin
   110 | D:2      | Reached XP level 2. HP: 7/27 MP: 1/1
   158 | D:3      | Reached skill level 2 in Unarmed Combat
   158 | D:3      | Slain by Robin

Action                   || total
-------------------------++-------
Melee: Unarmed           ||    47
Throw: Large rock        ||     5
  Use: Potion            ||     2
  Eat: Chunk             ||     2
       Bread ration      ||     1

Table legend:
 A = Turns spent in this place as a percentage of turns spent in the entire game.
 B = Non-inter-level travel turns spent in this place as a percentage of non-inter-level travel turns spent in the entire game.
 C = Inter-level travel turns spent in this place as a percentage of turns spent in this place.
 D = Turns resting spent in this place as a percentage of non-inter-level travel turns spent in this place.
 E = Turns spent auto-exploring this place as a percentage of non-inter-level travel turns spent in this place.
 F = Non-inter-level travel turns spent in this place divided by the number of levels of this place that you've seen.
                   A       B       C       D       E      F
               +-------+-------+-------+-------+-------+----------------------
         Total | 100.0 | 100.0 |   0.0 |   0.0 |   0.0 |  54.0
       Dungeon | 100.0 | 100.0 |   0.0 |   0.0 |   0.0 |  54.0
               +-------+-------+-------+-------+-------+----------------------

Table legend:
 A = Kills in this place as a percentage of kills in entire the game.
 B = Kills by you in this place as a percentage of kills by you in the entire game.
 C = Kills by friends in this place as a percentage of kills by friends in the entire game.
 D = Other kills in this place as a percentage of other kills in the entire game.
 E = Experience gained in this place as a percentage of experience gained in the entire game.
 F = Experience gained in this place divided by the number of levels of this place that you have seen.
                   A       B       C       D       E      F
               +-------+-------+-------+-------+-------+----------------------
         Total | 100.0 | 100.0 |  -nan |  -nan | 100.0 |   6.3
       Dungeon | 100.0 | 100.0 |  -nan |  -nan | 100.0 |   6.3
               +-------+-------+-------+-------+-------+----------------------
